 Dungeon Crawl Stone Soup version 0.31.0-32-g396128a36d (webtiles) character file.

Game seed: 8520242610451016891

13417 mainiacjoe the Carver (level 12, -7/94 HPs)
             Began as a Djinni Reaver on Mar 11, 2024.
             Was a High Priest of Ashenzari.
             Mangled by a five-headed hydra (13 damage)
             ... on level 2 of the Lair of Beasts.
             The game lasted 00:50:04 (13588 turns).

mainiacjoe the Carver (Djinni Reaver)              Turns: 13588, Time: 00:50:04

Health: -7/94      AC: 13    Str: 11    XL:     12   Next: 32%
Gold:   1472       EV: 14    Int: 20    God:    Ashenzari [*****.] SH:  7 Dex: 12

rFire   + + .        a - +5 scimitar of the Bound Seer {chaos, Cun, Comp} (curse)
rCold   . . .        z - +2 buckler "Seeker of Ashenzari" {Self, Cun} (curse)
rNeg    . . .        y - +1 ring mail of the Cosmic Gnosis {Will+, Bglg, Fort} (curse)
rPois   ∞            C - +0 helmet of Ashenzari's Shame {Cun, Self} (curse)
rElec   .            f - +2 cloak of Panopticon {Cun, Sorc} (curse)
rCorr   .            j - +2 pair of gloves of the Perceptive Seeker {Melee, Dev} (curse)
SInv    +            (boots unavailable)
Will    ++...        (no amulet)
Stlth   ++           q - ring "Shattered Portent" {rC+, Sorc, Fort} (curse)
HPRegen 0.35/turn    (no ring)
MPRegen 0.00/turn

%: clarity, infuse magic (-8 HP)
@: flying, very slightly contaminated
A: sickness immunity, fire resistance 2, cold vulnerability 1, float, innate
caster, HP casting, extra vitality 1
a: Renounce Religion, Curse Item, Shatter the Chains


You were on level 2 of the Lair of Beasts.
You worshipped Ashenzari.
Ashenzari was extremely pleased with you.
You visited 3 branches of the dungeon, and saw 14 of its levels.
You also visited: Bailey.

You collected 1888 gold pieces.
You spent 416 gold pieces at shops.

Inventory:

Hand Weapons
 a - the cursed +5 scimitar of the Bound Seer (weapon) {chaos, Cun, Comp}
   (You took it off a wight on level 6 of the Dungeon)

   It has a curse which improves the following skills: Cunning: Dodging and
   Stealth.
   Companions: Summonings and Necromancy.
 b - a +0 sling
 e - a +2 great sword
 m - a +1 dagger of speed
 n - a +5 great sword of holy wrath
 p - a +0 arbalest
 A - a +2 orcbow of freezing
Missiles
 i - 63 stones
 k - 7 poisoned darts
 r - 4 atropa-tipped darts {=F}
 u - 30 boomerangs
Armour
 f - the cursed +2 cloak of Panopticon (worn) {Cun, Sorc}
   (You found it on level 2 of the Dungeon)

   It has a curse which improves the following skills: Cunning: Dodging and
   Stealth.
   Sorcery:   Conjurations and Alchemy.
 j - the cursed +2 pair of gloves of the Perceptive Seeker (worn) {Melee, Dev}
   (You found it on level 2 of the Dungeon)

   It has a curse which improves the following skills: Melee Combat: Short
   Blades, Long Blades, Axes, Maces & Flails, Polearms, Staves and Unarmed
   Combat.
   Devices:   Evocations and Shapeshifting.
 y - the cursed +1 ring mail of the Cosmic Gnosis (worn) {Will+, Bglg, Fort}
   (You bought it in a shop on level 4 of the Dungeon)

   It has a curse which improves the following skills: Beguiling: Hexes and
   Translocations.
   Fortitude: Armour and Shields.
 z - the cursed +2 buckler "Seeker of Ashenzari" (worn) {Self, Cun}
   (You took it off a gnoll sergeant on level 9 of the Dungeon)

   It has a curse which improves the following skills: Introspection: Fighting
   and Spellcasting.
   Cunning:   Dodging and Stealth.
 C - the cursed +0 helmet of Ashenzari's Shame (worn) {Cun, Self}
   (You found it on level 9 of the Dungeon)

   It has a curse which improves the following skills: Cunning: Dodging and
   Stealth.
   Introspection: Fighting and Spellcasting.
Jewellery
 q - the cursed ring "Shattered Portent" (left hand) {rC+, Sorc, Fort}
   (You found it on level 5 of the Dungeon)

   [ring of protection from cold]

   rC+:       It protects you from cold.
   It has a curse which improves the following skills: Sorcery: Conjurations and
   Alchemy.
   Fortitude: Armour and Shields.
Wands
 s - a wand of roots (5)
 H - a wand of charming (3)
 L - a wand of mindburst (6)
Scrolls
 x - a scroll of poison
 B - 2 scrolls of vulnerability
 D - 5 scrolls of teleportation
 F - a scroll of immolation
 J - a scroll of summoning
 K - a scroll of fear
Potions
 c - 3 potions of might
 d - 3 potions of brilliance
 g - 4 potions of magic
 h - a potion of heal wounds
 l - 2 potions of invisibility
 o - a potion of haste
 t - 2 potions of cancellation
 v - 3 potions of resistance
 w - 2 potions of curing
 E - 2 potions of mutation
 G - 6 potions of enlightenment
 I - a potion of lignification


   Skills:
 - Level 8.4(11.6) Fighting
 - Level 12.2(14.3) Long Blades
 - Level 8.0(13.0) Dodging
 - Level 1.7(5.0) Stealth
 + Level 4.0(6.9) Shields
 - Level 6.0(9.1) Spellcasting
 - Level 6.0(9.1) Conjurations
 - Level 6.0(8.1) Hexes
 - Level 6.0(8.1) Summonings
 - Level 6.0(8.1) Necromancy
 - Level 6.0(8.1) Translocations
 - Level 6.0 Fire Magic
 - Level 6.0 Ice Magic
 - Level 6.0 Air Magic
 - Level 6.0 Earth Magic
 - Level 6.0(9.1) Alchemy
 + Level 3.8(5.8) Evocations


You knew the following spells:

 Your Spells              Type           Power      Damage    Failure   Level
a - Momentum Strike       Conj/Tloc      86%        3d10      1%          2
b - Hailstorm             Conj/Ice       39%        3d9       3%          3
c - Jinxbite              Hex            82%        N/A       1%          2
d - Summon Ice Beast      Ice/Summ       37%        N/A       4%          3
e - Animate Armour        Summ/Erth      74%        N/A       13%         4
k - Kiss of Death         Conj/Necr      100%       2d13      1%          1
p - Apportation           Tloc           82%        N/A       1%          1
t - Teleport Other        Tloc           41%        N/A       2%          3
Your spell library was empty.

Dungeon Overview and Level Annotations

Branches:
Dungeon (11/15)            Temple (1/1) D:5            Lair (2/5) D:11
 Shoals (0/4) Lair:2          Orc (0/2) D:9          Bailey (visited)
  Snake: Lair:2-3    Spider: Lair:2-3

Altars:
Ashenzari
Cheibriados
Dithmenos
Elyvilon
Fedhas
Gozag
Hepliaklqana
Makhleb
Nemelex Xobeh
Okawaru
Qazlal
Ru
Trog
Uskayaw
Wu Jian
Xom
Yredelemnul
Zin
The Shining One

Shops:
D:4 [   D:7 !

Annotations:
D:9 4 transporters


Innate Abilities, Weirdness & Mutations

You are immune to sickness and miasma.
You are immune to poison.
Your flesh is very heat resistant. (rF++)
You are vulnerable to cold. (rC-)
You float through the air rather than walking.
You learn spells naturally, not from books.
Your magical power is your life essence.
You have superior vitality. (+4 MHP)


Message History

The five-headed hydra bites you.
The five-headed hydra barely misses you.
The five-headed hydra closely misses you.
The river rat bites you.
Casting: Summon Ice Beast (mildly dangerous; 4% risk of failure)
Confirm with . or Enter, or press ? or * to list all spells.
You miscast Animate Armour.
You are very lightly contaminated with residual magic.
Nothing appears to happen.
The five-headed hydra bites you!
You block the five-headed hydra's attack.
The five-headed hydra misses you. The five-headed hydra bites you.
The five-headed hydra bites you but does no damage.
You block the river rat's attack.
Your ice beast hits the five-headed hydra.
Your ice beast freezes the five-headed hydra.
The five-headed hydra seems to slow down.
The five-headed hydra is no longer moving slowly.
The five-headed hydra attacks as it pursues you!
The five-headed hydra bites you!
* * * LOW HITPOINT WARNING * * *
You block the five-headed hydra's attack.
The five-headed hydra bites you!
* * * LOW HITPOINT WARNING * * *
You block the five-headed hydra's attack.
The five-headed hydra closely misses you.
Casting: Animate Armour (dangerous; 13% risk of failure)
Confirm with . or Enter, or press ? or * to list all spells.
Aiming: Teleport Other (mildly dangerous; 2% risk of failure)
Press: ? - help, Shift-Dir - straight line, f/p - five-headed hydra
Aim: a five-headed hydra (lightly wounded, ally target, chance to affect: 42%)
The five-headed hydra looks slightly unstable.
* * * LOW HITPOINT WARNING * * *
You block the river rat's attack.
The five-headed hydra bites you but does no damage.
The five-headed hydra bites you!
* * * LOW HITPOINT WARNING * * *
You block the five-headed hydra's attack.
The five-headed hydra bites you but does no damage.
The five-headed hydra bites you!
You die...

.#...P.......<..~~##,,,**~~,
..............).~~≈#####≈~~,
#....##....###.##~~≈≈≈~≈~~.,
...|..............~~~~~~~..,
............#P.##.~~P~.PP#*,
............#..##..##....P.,
...........................,
.........."..........#....#*
................@r..†..#***,
.........P..###..DY......#**
......................†....*
,,,,....P...##.########...P,
,......#.#..*,*,**,,,...,
>...........,,,,,,,,**..,
*,,#.#,...##*,,,,,,,*,,.,
,,,,,.P.,,,,,,,,,,***,,
*,,,,,,,*,,*,,,*******


You could see a five-headed hydra (ally target, teleporting), a river rat and a
friendly ice beast (summoned).

Vanquished Creatures
  A two-headed ogre (D:9)
  3 black mambas
  A gargoyle (D:11)
  3 komodo dragons
  An unseen horror (D:10)
  A rime drake (Lair:2)
  A troll (D:11)
  A polar bear (Lair:1)
  3 hornets
  A yak (Lair:1)
  3 wyverns
  2 vampires (D:11)
  2 wraiths (D:11)
  2 vampire mosquitoes (D:10)
  A basilisk (D:11)
  Edmund (D:4)
  3 acid dragons
  4 water moccasins
  13 orc warriors
  A black bear (D:5)
  An ice beast (D:7)
  An ogre (D:5)
  A sky beast (D:8)
  3 centaurs
  2 phantoms (D:5)
  A necrophage (D:6)
  2 bullfrogs
  A gnoll sergeant (D:9)
  15 wights
  10 killer bees
  An electric eel (Lair:2)
  A howler monkey (D:9)
  A lava snake (D:7)
  3 hounds
  2 bombardier beetles
  A jelly (D:8)
  4 orc priests
  A gnoll bouda (D:9)
  3 iguanas
  Jessica (D:3)
  A sleepcap (D:6)
  4 orc wizards
  2 hell rats (Lair:2)
  A hound skeleton (D:6)
  13 gnolls
  8 adders
  6 river rats (Lair:2)
  A shadow imp (D:5)
  A white imp (D:8)
  4 ufetubi
  3 dart slugs
  2 ribbon worms
  29 orcs
  6 ball pythons
  5 bats
  5 endoplasms
  3 giant cockroaches
  14 goblins
  11 hobgoblins
  24 kobolds
  2 quokkas
  4 frilled lizards
  9 rats
261 creatures vanquished.

Vanquished Creatures (collateral kills)
  A two-headed ogre (D:10)
  A skyshark (Lair:1)
  A cyclops (D:11)
  A hornet (D:8)
  2 yaks (Lair:1)
  An ice beast (D:8)
  An orc warrior (D:11)
  A bullfrog (D:7)
  4 killer bees (D:11)
  A white imp (D:6)
  2 orcs (D:9)
16 creatures vanquished.

Grand Total: 277 creatures vanquished

Notes
Turn   | Place    | Note
-------+----------+-------------------------------------------
     0 | D:1      | mainiacjoe the Djinni Reaver began the quest for the Orb.
     0 | D:1      | mainiacjoe set off with the following spells memorised:
                  | Kiss of Death, Momentum Strike, Hailstorm.
     0 | D:1      | Reached XP level 1. HP: 18/18 MP: 0/0
   141 | D:1      | Reached XP level 2. HP: 19/23 MP: 0/0
   166 | D:1      | Reached skill level 3 in Long Blades
   398 | D:1      | Reached XP level 3. HP: 24/28 MP: 0/0
   398 | D:1      | Learned a level 1 spell: Apportation
  1278 | D:2      | Reached XP level 4. HP: 26/33 MP: 0/0
  2064 | D:2      | Found a hide-covered altar of Uskayaw.
  2234 | D:3      | Reached skill level 4 in Long Blades
  2234 | D:3      | Reached XP level 5. HP: 11/38 MP: 0/0
  2234 | D:3      | Learned a level 2 spell: Jinxbite
  2565 | D:3      | Noticed Jessica
  2567 | D:3      | Killed Jessica
  2871 | D:4      | Found Noheppoc's Armour Emporium.
  2894 | D:4      | Reached XP level 6. HP: 43/43 MP: 0/0
  3067 | D:4      | Noticed Edmund
  3080 | D:4      | Killed Edmund
  3183 | D:4      | Reached skill level 5 in Long Blades
  3283 | D:4      | Found a broken altar of Ashenzari.
  3546 | D:4      | Noticed a hornet
  3580 | D:4      | Killed a hornet
  3581 | D:4      | Reached skill level 5 in Spellcasting
  3581 | D:4      | Reached skill level 5 in Conjurations
  3581 | D:4      | Reached skill level 5 in Hexes
  3581 | D:4      | Reached skill level 5 in Summonings
  3581 | D:4      | Reached skill level 5 in Necromancy
  3581 | D:4      | Reached skill level 5 in Translocations
  3581 | D:4      | Reached skill level 5 in Fire Magic
  3581 | D:4      | Reached skill level 5 in Ice Magic
  3581 | D:4      | Reached skill level 5 in Air Magic
  3581 | D:4      | Reached skill level 5 in Earth Magic
  3581 | D:4      | Reached skill level 5 in Alchemy
  3581 | D:4      | Reached XP level 7. HP: 22/49 MP: 0/0
  3581 | D:4      | Learned a level 3 spell: Teleport Other
  4084 | D:5      | Entered Level 5 of the Dungeon
  4088 | D:5      | Reached skill level 6 in Long Blades
  4094 | D:5      | Reached XP level 8. HP: 45/54 MP: 0/0
  4590 | D:5      | Found an ornate altar of the Wu Jian Council.
  4944 | D:5      | Found a staircase to the Ecumenical Temple.
  4953 | Temple   | Entered the Ecumenical Temple
  5037 | D:4      | Became a worshipper of Ashenzari the Shackled
  5412 | D:6      | Reached skill level 7 in Long Blades
  5553 | D:6      | Found a burning altar of Makhleb.
  5622 | D:6      | Reached XP level 9. HP: 51/59 MP: 0/0
  5622 | D:6      | Learned a level 3 spell: Summon Ice Beast
  5909 | D:4      | Bought a +1 ring mail of willpower for 176 gold pieces
  6518 | D:6      | Found a shadowy altar of Dithmenos.
  6522 | D:6      | Found a hazy altar of Hepliaklqana.
  6646 | D:7      | Found Ecsusegy's Distillery.
  6669 | D:7      | Bought a potion of invisibility for 96 gold pieces
  6669 | D:7      | Bought a potion of might for 48 gold pieces
  6669 | D:7      | Bought a potion of curing for 36 gold pieces
  6830 | D:7      | Bought a potion of heal wounds for 60 gold pieces
  6849 | D:7      | Reached skill level 8 in Long Blades
  6849 | D:7      | Reached skill level 5 in Dodging
  6883 | D:7      | Identified a scroll of acquirement
  6883 | D:7      | Acquired a +5 great sword of holy wrath
  7255 | D:7      | Reached skill level 5 in Fighting
  7511 | D:7      | Reached XP level 10. HP: 32/70 MP: 0/0
  7520 | D:7      | Reached * piety under Ashenzari
  8310 | D:8      | Reached ** piety under Ashenzari
  8565 | D:9      | Found a hide-covered altar of Uskayaw.
  8614 | D:9      | Noticed a two-headed ogre
  8632 | D:9      | Reached skill level 9 in Long Blades
  8787 | D:9      | Found a stormy altar of Qazlal.
  8843 | D:9      | Killed a two-headed ogre
  8903 | D:9      | Identified the +1 ring mail of Quiet Fog {rElec rC+ rN++
                  | Will-}
  8931 | D:9      | Found a staircase to the Orcish Mines.
  9498 | D:9      | Reached *** piety under Ashenzari
  9685 | D:9      | Found a transporter.
  9711 | D:9      | Found a transporter.
  9712 | D:9      | Found a transporter.
  9729 | D:9      | Found a transporter.
  9748 | D:9      | Reached skill level 1 in Shields
  9797 | D:10     | Entered Level 10 of the Dungeon
  9934 | D:10     | Found a flagged portal.
  9934 | D:10     | Noticed an unseen horror
  9954 | D:10     | Killed an unseen horror
  9955 | D:10     | Reached XP level 11. HP: 51/84 MP: 0/0
  9955 | D:10     | Learned a level 4 spell: Animate Armour
 10077 | Bailey   | Entered a bailey
 10634 | D:10     | Found an iron altar of Okawaru.
 10698 | D:10     | Noticed a two-headed ogre
 10707 | D:10     | Killed a two-headed ogre
 10708 | D:10     | Reached skill level 10 in Long Blades
 11367 | D:11     | Found a staircase to the Lair.
 11367 | D:11     | Identified the +3 scale mail of a wizard's laboratory
                  | {rPois rN+ Str+2 Slay-4}
 11393 | D:11     | Reached skill level 11 in Long Blades
 11401 | D:11     | HP: 4/85 [gargoyle/+0 morningstar (7)]
 11694 | D:11     | Reached **** piety under Ashenzari
 11843 | D:11     | Noticed a cyclops
 11851 | D:11     | Killed a cyclops
 12417 | Lair:1   | Entered Level 1 of the Lair of Beasts
 12417 | Lair:1   | Identified the +7 quarterstaff "Ijicad" {heavy, rF+}
 12491 | Lair:1   | Reached skill level 12 in Long Blades
 12491 | Lair:1   | Reached XP level 12. HP: 94/94 MP: 0/0
 12520 | Lair:1   | Noticed a skyshark
 12529 | Lair:1   | Killed a skyshark
 12605 | Lair:1   | Reached skill level 1 in Stealth
 12605 | Lair:1   | Reached skill level 1 in Evocations
 12806 | Lair:1   | Reached ***** piety under Ashenzari
 13575 | Lair:2   | Noticed a five-headed hydra
 13588 | Lair:2   | Mangled by a five-headed hydra

Illustrated notes

Levels and vault maps discovered:
D:1:      spicycebolla_arrival_xxxplode, layout_rooms, lemuel_flame_loot_1
D:2:      minmay_kobold_bridge, layout_loops_corners, basic_altar,
          minmay_surrounded
D:3:      layout_rooms, minmay_pentangle, uniq_jessica
D:4:      layout_loops_cross, nicolae_ashenzari_panopticon, serial_shops,
          shop_statue, cheibrodos_gnoll_hut, uniq_edmund
D:5:      layout_basic, nicolae_wu_jian_wuxing_cycle, temple_hall
D:6:      layout_loops_ring, makhleb_blood_cavern_becter, lemuel_crystal_altar,
          riverfiend_overflow_shadow_ancestor
D:7:      layout_rooms, kennysheep_mini, serial_shops, shop,
          kennysheep_decorative_pillar, nrook_loot_triangle,
          kennysheep_small_spiral
D:8:      layout_cave_pools
D:9:      layout_rooms, mainiacjoe_overflow_catwalk,
          mainiacjoe_overflow_chevrons, david_orc_3, nicolae_transporter_circle
D:10:     layout_loops_cross, mainiacjoe_overflow_paths, enter_bailey_3
D:11:     nzn_winding_woodlands_huge [nzn_winding_woodlands_5x15_crooked,
          nzn_winding_woodlands_5x15_garden, nzn_winding_woodlands_5x15_cabin,
          nzn_winding_woodlands_5x15_pockets, nzn_winding_woodlands_5x15_parted,
          nzn_winding_woodlands_5x15_default, nzn_winding_woodlands_5x15_jagged,
          nzn_winding_woodlands_5x15_pool,
          nzn_winding_woodlands_5x15_sidewinder,
          nzn_winding_woodlands_5x15_sawtooth,
          nzn_winding_woodlands_center_diamonds,
          nzn_winding_woodlands_center_pierced_h,
          nzn_winding_woodlands_15x15_killbox], layout_basic,
          david_lair_shrubbed
Temple:   nicolae_temple_bog_church
Lair:1:   layout_cave_pods, infiniplex_staircase_pool
Lair:2:   layout_long_grid, minmay_shoals_entry_hut, spider_nest_entry_webs,
          serial_rivers, chequers_serial_rivers_room_b,
          chequers_serial_rivers_micro_a, chequers_serial_rivers_small_3,
          chequers_serial_rivers_micro_e, st_stairs_3, kennysheep_rathole

Skill      XL: |  1  2  3  4  5  6  7  8  9 10 11 12 |
---------------+-------------------------------------+-----
Spellcasting   | 3 4 5 6 |  6.0
Conjurations   | 3 4 5 6 |  6.0
Hexes          | 3 4 5 6 |  6.0
Summonings     | 3 4 5 6 |  6.0
Necromancy     | 3 4 5 6 |  6.0
Translocations | 3 4 5 6 |  6.0
Fire Magic     | 3 4 5 6 |  6.0
Ice Magic      | 3 4 5 6 |  6.0
Air Magic      | 3 4 5 6 |  6.0
Earth Magic    | 3 4 5 6 |  6.0
Alchemy        | 3 4 5 6 |  6.0
Long Blades    | 3 4 5 6 7 8 9 12 | 12.2
Dodging        | 3 5 8 |  8.0
Fighting       | 5 7 8 |  8.4
Shields        | 1 3 4 |  4.0
Stealth        | 1 |  1.7
Evocations     | 3 |  3.8

Action                     |  1- 3 |  4- 6 |  7- 9 | 10-12 || total
---------------------------+-------+-------+-------+-------++-------
  Melee: Falchion          |    71 |       |       |       ||    71
         Punch             |     2 |     3 |     1 |     2 ||     8
         Dagger            |    68 |   141 |     9 |       ||   218
         Long sword        |       |    75 |    62 |       ||   137
         Short sword       |       |    18 |       |       ||    18
         Scimitar          |       |       |    55 |   309 ||   364
         Great sword       |       |       |    22 |       ||    22
   Fire: Arbalest          |       |       |     5 |       ||     5
         Sling             |       |       |    20 |    32 ||    52
  Throw: Dart              |       |     4 |       |     1 ||     5
   Cast: Momentum Strike   |     3 |     5 |    10 |    12 ||    30
         Hailstorm         |     1 |     8 |    35 |    64 ||   108
         Jinxbite          |       |     6 |     6 |     5 ||    17
         Kiss of Death     |       |     4 |       |       ||     4
         Teleport Other    |       |       |     5 |     5 ||    10
         Summon Ice Beast  |       |       |     5 |    20 ||    25
         Animate Armour    |       |       |       |     7 ||     7
 Invoke: Curse Item        |       |       |     1 |     6 ||     7
  Evoke: Wand              |       |       |       |     2 ||     2
    Use: Scroll            |     1 |     4 |     9 |     1 ||    15
         Potion            |       |       |     1 |     2 ||     3
   Stab: Petrifying        |       |       |       |     1 ||     1
 Armour: Leather armour    |    78 |   102 |    56 |       ||   236
         Ring mail         |       |       |   126 |   211 ||   337
  Dodge: Dodged            |    86 |   120 |   200 |   219 ||   625
  Block: Buckler           |       |       |       |    71 ||    71
